 Dungeon Crawl Stone Soup version 0.21.1-1-g345015f (webtiles) character file.

1185 Diojeanne the Twirler (level 8, -6/68 HPs)
             Began as a Minotaur Gladiator on Feb 6, 2018.
             Mangled by a six-headed hydra (9 damage)
             ... on level 5 of the Dungeon.
             The game lasted 00:21:06 (4546 turns).

Diojeanne the Twirler (Minotaur Gladiator)          Turns: 4546, Time: 00:21:09

Health: -6/68      AC: 15    Str: 21    XL:     8   Next: 19%
Magic:  7/7        EV:  8    Int:  5    God:
Gold:   247        SH:  0    Dex: 12    Spells: 7/7 levels left

rFire    . . .     SeeInvis .   a - +4 quarterstaff (chaos)
rCold    . . .     Gourm    .   (shield currently unavailable)
rNeg     . . .     Faith    .   u - +0 plate armour (curse)
rPois    .         Spirit   .   c - +0 hat
rElec    .         Reflect  .   x - +0 cloak
rCorr    .         Harm     .   (no gloves)
MR       .....                  s - +0 pair of boots
Stlth    ..........             r - amulet of regeneration
HPRegen  0.61/turn              (no ring)
MPRegen  0.10/turn              (no ring)

@: no status effects
A: retaliatory headbutt, horns 2
a: no special abilities


You were on level 5 of the Dungeon.
You were hungry.

You visited 1 branch of the dungeon, and saw 5 of its levels.
You also visited: Sewer.

You collected 247 gold pieces.

Inventory:

Hand Weapons
 a - a +4 quarterstaff of chaos (weapon)
 b - a +0 hunting sling
 t - a +0 quarterstaff
Missiles
 d - 3 throwing nets {!f}
 j - 213 stones (quivered)
 v - 5 tomahawks
Armour
 c - a +0 hat (worn)
 s - a +0 pair of boots (worn)
 u - a cursed +0 plate armour (worn)
 x - a +0 cloak (worn)
Jewellery
 r - an amulet of regeneration (around neck)
 E - an uncursed amulet of the gourmand {unknown}
Wands
 C - a wand of disintegration (8)
Scrolls
 e - 3 scrolls of remove curse
 g - 7 scrolls of identify {unknown}
 m - 2 scrolls of magic mapping {unknown}
 n - 2 scrolls of random uselessness {unknown}
 w - a scroll of fear {unknown}
 y - a scroll of enchant weapon {unknown}
 z - a scroll of vulnerability {unknown}
Potions
 h - 2 potions of lignification {unknown}
 i - 3 potions of curing {unknown}
 k - 4 potions of flight {unknown}
 l - 7 potions of heal wounds {unknown}
 o - 4 potions of brilliance {unknown}
 p - 2 potions of berserk rage {unknown}
 B - 2 potions of might {unknown}
 D - a potion of cancellation {unknown}
Books
 q - a book of Minor Magic

   Spells                             Type                      Level
   a - Magic Dart                     Conjuration                  1
   b - Blink                          Translocation                2
   c - Call Imp                       Summoning                    2
   d - Slow                           Hexes                        2
   e - Conjure Flame                  Conjuration/Fire             3
   f - Mephitic Cloud                 Conjuration/Poison/Air       3
Comestibles
 f - 6 rations


   Skills:
 + Level 5.2 Fighting
 * Level 7.7 Staves
 - Level 2.0 Throwing
 * Level 6.6 Armour
 + Level 5.4 Dodging


You had 7 spell levels left.
You didn't know any spells.

Dungeon Overview and Level Annotations

Branches:
Dungeon (5/15)
 Temple: D:4-7

Altars:
Cheibriados
Hepliaklqana
Nemelex Xobeh
Qazlal
Sif Muna
Trog
Wu Jian


Innate Abilities, Weirdness & Mutations

You reflexively headbutt those who attack you in melee.
You have a pair of horns on your head.


Message History

The six-headed hydra barely misses you.
You thump the six-headed hydra!
The six-headed hydra seems to speed up.
The six-headed hydra is heavily wounded.
The six-headed hydra bites you.
* * * LOW HITPOINT WARNING * * *
The six-headed hydra bites you!
* * * LOW HITPOINT WARNING * * *
The six-headed hydra bites you but does no damage. x2
The six-headed hydra bites you.
* * * LOW HITPOINT WARNING * * *
The six-headed hydra bites you.
* * * LOW HITPOINT WARNING * * *
There is a transporter here.
You enter the transporter and appear at another place.
The six-headed hydra bites you!
* * * LOW HITPOINT WARNING * * *
The six-headed hydra barely misses you.
The six-headed hydra closely misses you.
The six-headed hydra bites you!
You die...

..... #.# 8...8 #.#
############# ##_## #.#
##...........## ######## ##.#
#..#########..# .......# #..#
#.##...§...##.# .###...###..#
#.#8.#...#.8#.# .# #...##...#
##.#$?.#.#5..#.## .#
#...##.#.###Dh#_%...O...#..## .#
#...##.#.##..@#.$)...©..#©..#
.###...##.#.##...#_[.......#...#
......>.#.#.#..#.#$=.#.#...#.#.#
####.##...#......#8.#...#.8#...#
.....##..####.##.##.......##..##
###......###......#########...#
#...#....#.##...............#
###...#.##...##...............#
#........##..#...)...########.#


You could see a six-headed hydra, an ogre and a jackal.

Vanquished Creatures
  A hippogriff (D:4)
  The ghost of Hubris850 the Charmwright, an amateur GnSk of Ru (D:3)
  An ogre (D:5)
  2 big kobolds (Sewer)
  A scorpion (D:5)
  2 crimson imps (D:5)
  2 orc priests (D:5)
  2 hounds (D:4)
  A jelly (D:5)
  Crazy Yiuf (D:4)
  2 worker ants (D:5)
  An orc wizard (D:3)
  A hound skeleton (D:4)
  Robin (D:2)
  A gnoll (D:4)
  7 adders
  9 river rats
  2 adder skeletons (D:5)
  3 dart slugs
  5 leopard geckos
  10 orcs
  13 ball pythons
  4 giant cockroaches
  14 goblins
  9 hobgoblins
  3 jackals (D:4)
  A kobold (shapeshifter) (D:5)
  4 quokkas
  5 bats
  4 frilled lizards
  18 kobolds
  28 rats
159 creatures vanquished.

Notes
Turn   | Place    | Note
-------+----------+-------------------------------------------
     0 | D:1      | Diojeanne the Minotaur Gladiator began the quest for the Orb.
     0 | D:1      | Reached XP level 1. HP: 18/18 MP: 0/0
   144 | D:1      | Reached skill level 4 in Staves
   197 | D:1      | Reached XP level 2. HP: 25/25 MP: 1/1
   280 | D:1      | Reached skill level 1 in Armour
   652 | D:2      | Reached XP level 3. HP: 20/30 MP: 2/2
   784 | D:2      | Found a bloodstained altar of Trog.
   969 | D:2      | Noticed Robin
  1060 | D:2      | Killed Robin
  1206 | D:2      | Reached XP level 4. HP: 37/38 MP: 3/3
  1540 | D:3      | Noticed Hubris850's ghost (amateur GnSk)
  2019 | D:3      | Killed Hubris850's ghost
  2019 | D:3      | Reached skill level 5 in Staves
  2019 | D:3      | Reached XP level 5. HP: 35/45 MP: 4/4
  2402 | D:4      | Noticed a hippogriff
  2419 | D:4      | Killed a hippogriff
  2419 | D:4      | Reached skill level 6 in Staves
  2419 | D:4      | Reached XP level 6. HP: 27/52 MP: 5/5
  2949 | D:4      | Reached XP level 7. HP: 56/59 MP: 6/6
  2967 | D:4      | Reached skill level 5 in Armour
  3338 | D:4      | Found a runed door.
  3342 | D:4      | Noticed Crazy Yiuf
  3391 | D:4      | Killed Crazy Yiuf
  3446 | D:5      | Entered Level 5 of the Dungeon
  3450 | D:5      | Found a glowing drain.
  3487 | Sewer    | Entered a sewer
  3748 | Sewer    | Reached skill level 7 in Staves
  3784 | Sewer    | Reached skill level 5 in Dodging
  3941 | D:5      | Found a stormy altar of Qazlal.
  3944 | D:5      | Found a deep blue altar of Sif Muna.
  3944 | D:5      | Found a snail-covered altar of Cheibriados.
  4039 | D:5      | Reached XP level 8. HP: 67/67 MP: 7/7
  4042 | D:5      | Noticed a six-headed hydra
  4045 | D:5      | Found a sparkling altar of Nemelex Xobeh.
  4049 | D:5      | Found a hazy altar of Hepliaklqana.
  4051 | D:5      | Found a transporter.
  4065 | D:5      | Found a transporter.
  4103 | D:5      | Found an ornate altar of the Wu Jian Council.
  4116 | D:5      | Reached skill level 5 in Fighting
  4546 | D:5      | HP: 3/68 [six-headed hydra (9)]
  4546 | D:5      | Mangled by a six-headed hydra

Skill      XL: |  1  2  3  4  5  6  7  8 |
---------------+-------------------------+-----
Staves         | 4 5 6 7 |  7.7
Armour         | 1 2 3 4 6 |  6.6
Fighting       | 3 4 5 |  5.2
Dodging        | 4 5 |  5.4
Throwing       | |  2.0

Action                   |  1- 3 |  4- 6 |  7- 9 || total
-------------------------+-------+-------+-------++-------
Melee: Quarterstaff      |    72 |    95 |   138 ||   305
       Headbutt          |    12 |    14 |    24 ||    50
 Fire: Hunting sling     |     6 |    14 |     2 ||    22
Throw: Stone             |       |     5 |       ||     5
  Use: Potion            |       |     1 |       ||     1
       Scroll            |       |     1 |     1 ||     2
  Eat: Chunk             |     1 |     5 |     5 ||    11
Armor: Leather armour    |    12 |    10 |       ||    22
       Chain mail        |       |    12 |       ||    12
       Plate armour      |       |     1 |   126 ||   127
Dodge: Dodged            |    67 |    73 |    71 ||   211
